Map: Ruins of Seras

Players

Javert

  • Race: Zerg Zerg
  • League: Grandmaster

Hostile - Winner!

  • Race: Zerg Zerg
  • League: Grandmaster

VOD

Have the link to the VOD?

Description

Time

  • Played on: July 14, 2015, 6:54 p.m.
  • Length: 14:32
Show
View Real Time Build Order
Export as new Build Order

Javert Zerg 

Build Orders: Hatch First 

Get SALT Encoding   

  12  0:01  Drone  
  13  0:13  Overlord  
  13  0:19  Drone  
  14  0:32  Drone x2  
  16  0:50  Hatchery  
  16  0:53  Drone  
  16  0:56  Drone  
  17  1:00  Extractor  
  17  1:02  Drone  
  17  1:08  Drone  
  18  1:22  Spawning Pool  
  18  1:25  Drone  
  19  1:32  Drone  
  19  1:40  Drone  
  20  1:50  Drone  
  21  2:02  Overlord  
  21  2:09  Metabolic Boost, Queen  
  21  2:13  Queen  
  25  2:17  Zergling x2  
  25  2:21  Zergling x2  
  27  2:25  Overlord  
  27  2:33  Drone x2  
  30  2:44  Zergling x4  
  30  2:49  Baneling Nest  
  30  2:54  Zergling x4  
  32  3:07  Drone x2  
  32  3:08  Drone x2  
  36  3:17  Drone x2  
  38  3:23  Drone x2  
  38  3:24  Drone x3  
  43  3:28  Overlord  
  43  3:38  Drone x3  
  43  3:42  Drone  
  44  4:00  Hatchery  
  43  4:04  Baneling  
  43  4:08  Overlord  
  43  4:10  Drone x6  
  43  4:11  Drone x2  
  51  4:21  Drone  
  51  4:23  Overlord  
  52  4:24  Lair  
  52  4:25  Queen  
  52  4:26  Extractor  
  52  4:29  Overlord, Extractor  
  52  4:30  Extractor  
  51  4:54  Overlord x2  
  51  5:01  Drone x7  
  51  5:02  Drone x4, Burrow  
  51  5:06  Roach Warren  
  61  5:12  Evolution Chamber  
  61  5:13  Evolution Chamber  
  59  5:16  Overlord  
  59  5:17  Overlord  
  56  5:46  Zerg Missile Weapons Level 1, Glial Reconstitution, Zerg Ground Armor Level 1  
  56  5:48  Overlord  
  56  5:51  Overseer  
  56  5:53  Overlord  
  56  5:55  Drone x12  
  68  5:59  Extractor  
  68  6:01  Extractor  
  66  6:05  Roach  
  66  6:06  Roach x3  
  74  6:12  Evolution Chamber  
  74  6:14  Evolution Chamber  
  72  6:21  Roach x2  
  72  6:22  Roach x4  
  71  6:42  Roach x9  
  89  6:48  Queen  
  89  6:49  Drone  
  89  6:53  Spore Crawler  
  91  6:57  Nydus Network  
  90  7:05  Drone x2  
  90  7:06  Drone x3  
  95  7:08  Spore Crawler  
  95  7:10  Spore Crawler  
  95  7:12  Spore Crawler  
  95  7:14  Spore Crawler  
  91  7:23  Spore Crawler  
  91  7:24  Spore Crawler  
  91  7:28  Spore Crawler x2  
  87  7:31  Overlord x2  
  87  7:36  Overseer  
  87  7:39  Roach x3  
  87  7:41  Overlord  
  93  7:49  Spore Crawler  
  92  8:02  Nydus Canal  
  78  8:36  Roach x3  
  68  8:50  Hydralisk Den  
  67  9:02  Drone x6, Overlord  
  69  9:03  Queen x2  
  69  9:07  Zerg Ground Armor Level 2, Zerg Missile Weapons Level 2  
  71  9:14  Roach  
  71  9:15  Baneling Nest, Roach x13  
  98  9:24  Muscular Augments  
  98  9:25  Spore Crawler  
  98  9:27  Hydralisk  
  99  9:39  Hydralisk  
  99  9:40  Hydralisk x3  
  107  9:49  Drone x4  
  111  9:53  Tunneling Claws  
  111  10:00  Hydralisk  
  113  10:07  Infestation Pit  
  113  10:08  Hydralisk  
  114  10:23  Hydralisk x3  
  114  10:24  Hydralisk  
  114  10:25  Overlord  
  120  10:41  Hydralisk  
  120  10:42  Spore Crawler  
  121  10:44  Overlord x2  
  121  10:50  Hive  
  121  10:52  Roach x2  
  125  11:00  Drone x4  
  125  11:01  Drone  
  130  11:08  Hydralisk x2  
  134  11:18  Overlord x2  
  134  11:20  Overseer x2  
  134  11:30  Overlord x2  
  134  11:35  Hydralisk x3  
  140  11:41  Overlord  
  140  11:42  Overlord  
  134  12:03  Hydralisk  
  88  12:18  Roach x6  
  88  12:19  Roach x9  
  116  12:44  Hatchery  
  116  12:46  Ultralisk Cavern  
  116  12:47  Viper x2  
  120  13:13  Viper x2  
  120  13:16  Hydralisk x2  
  120  13:17  Hydralisk x2  
  134  13:27  Roach x2  
  134  13:28  Roach x2  
  139  14:01  Roach x7  
Show
View Real Time Build Order
Export as new Build Order

Hostile Zerg - Winner!

Build Orders: Hatch First, Lurkers 

Get SALT Encoding   

  12  0:03  Drone  
  13  0:13  Overlord  
  13  0:19  Drone  
  14  0:22  Extractor  
  14  0:23  Drone  
  15  0:33  Drone  
  16  0:37  Drone  
  17  0:47  Drone  
  18  0:57  Hatchery  
  18  1:01  Drone  
  18  1:03  Extractor  
  17  1:09  Drone  
  18  1:20  Spawning Pool  
  18  1:22  Drone  
  18  1:30  Drone  
  19  1:41  Overlord  
  19  1:52  Drone  
  20  2:04  Drone  
  20  2:06  Queen  
  20  2:07  Metabolic Boost  
  23  2:10  Queen  
  23  2:15  Spine Crawler  
  24  2:17  Drone  
  24  2:22  Drone  
  26  2:24  Drone  
  27  2:32  Baneling Nest  
  27  2:35  Drone  
  27  2:37  Drone  
  27  2:40  Drone  
  29  2:47  Queen  
  31  2:54  Overlord  
  31  3:04  Zergling x8  
  35  3:11  Spine Crawler  
  34  3:14  Extractor  
  34  3:16  Drone x2  
  34  3:17  Drone  
  36  3:27  Baneling  
  36  3:28  Baneling  
  34  3:49  Drone x3  
  34  3:52  Lair  
  34  3:54  Drone x3  
  34  3:55  Drone x3  
  43  4:09  Drone  
  44  4:10  Overlord  
  44  4:11  Overlord  
  44  4:31  Drone x6  
  47  4:32  Drone  
  47  4:35  Extractor  
  50  4:51  Drone x2  
  52  4:56  Spine Crawler  
  51  5:02  Spire  
  50  5:13  Zergling x4  
  52  5:16  Overlord x3  
  52  5:21  Hatchery  
  51  5:33  Zergling x2  
  51  5:35  Zergling x8  
  55  5:46  Drone x2  
  57  5:59  Overlord x2  
  57  6:02  Drone  
  57  6:03  Drone x4  
  62  6:14  Drone x2  
  60  6:40  Mutalisk x3  
  60  6:41  Mutalisk x5  
  77  6:47  Drone x2  
  78  6:56  Mutalisk x3  
  84  7:01  Roach Warren  
  84  7:04  Hydralisk Den  
  84  7:05  Drone x2  
  85  7:33  Drone x4  
  85  7:35  Overlord x3  
  85  7:36  Overlord x2  
  89  7:39  Extractor  
  89  7:40  Extractor  
  89  7:41  Spine Crawler  
  89  7:43  Drone x2, Spine Crawler  
  89  7:44  Drone x2  
  89  7:45  Spore Crawler, Spine Crawler, Drone x2  
  89  7:58  Extractor  
  88  7:59  Drone x4  
  88  8:05  Drone x4  
  95  8:06  Drone x4  
  94  8:32  Hydralisk x4  
  94  8:33  Hydralisk x6  
  94  8:34  Hydralisk x2  
  108  8:58  Hydralisk x6  
  108  8:59  Hydralisk x2  
  124  9:02  Lurker Den  
  124  9:12  Drone x3  
  124  9:15  Queen  
  129  9:22  Spine Crawler  
  129  9:23  Spine Crawler  
  127  9:25  Drone  
  127  9:26  Drone x2, Spine Crawler  
  127  9:27  Drone  
  127  9:29  Overlord x2  
  130  9:52  Hydralisk x2  
  130  9:53  Hydralisk x4  
  130  9:57  Drone  
  130  9:58  Hatchery  
  142  10:05  Overseer  
  142  10:07  Overseer  
  142  10:46  Roach Warren  
  142  10:47  Evolution Chamber  
  142  10:49  Drone x5  
  146  10:50  Evolution Chamber, Drone  
  146  10:51  Overlord x3  
  146  10:52  Overlord x6  
  146  10:56  Muscular Augments  
  145  10:58  Lurker  
  146  11:14  Lurker x5  
  151  11:26  Zerg Missile Weapons Level 1, Zerg Ground Armor Level 1, Glial Reconstitution  
  151  11:30  Extractor  
  151  11:31  Spore Crawler, Extractor  
  151  11:32  Spine Crawler  
  147  11:33  Drone x3  
  147  11:34  Spore Crawler, Spine Crawler  
  147  11:35  Drone x3  
  151  11:43  Lurker x2  
  113  12:21  Drone x5  
  118  12:23  Drone x2  
  118  12:24  Drone  
  118  12:25  Drone  
  120  12:38  Hydralisk x5  
  120  12:39  Hydralisk x6  
  120  12:40  Hydralisk x3  
  148  12:48  Hatchery  
  147  13:02  Spine Crawler  
  147  13:03  Spine Crawler x2  
  147  13:04  Drone x2  
  147  13:05  Drone x7, Spine Crawler  
  152  13:06  Spine Crawler  
  151  13:13  Roach x3  
  151  13:14  Roach x6  
  151  13:15  Roach x2  
  173  13:25  Infestation Pit  
  170  14:02  Extractor  
  159  14:04  Extractor  
Tags
 
Add a new tag
Caveats
  • Supply blocks, unpowered buildings, or Contaminate may cause inaccurate times.
  • Supply counts are checked every 10 seconds.